AoeStats
← Ze taboca5485

Arena

510222895Analyzed
3v3 RM · 1d ago on Sep 30, 2026· 31m 7s· 6 players
Game mode
Random Map
Map size
Normal (6 player)
Population
200
Speed
Normal
Resources
Standard
Victory
Conquest
Starting age
Dark Age
Ending age
Imperial Age
RankedLock teamsTeams togetherTeam positionsShared explorationLock speedFull tech treeHidden civsTurbo modeCheats
Victory
Defeat
🇧🇷 Franks · Brazil
835
+31
🇧🇷 Cumans · Brazil
719
+15
🇧🇷 Jurchens · Brazil
684
+16
🇨🇦 Ethiopians · Canada
702
-14
🇧🇷 Franks · Brazil
696
-14
🇺🇸 Khmer · United States
685
-13
RadCargo6254
0:48 Loom
15:18 Feudal Age
16:37 Wheelbarrow
16:49 Town Watch
17:11 Gold Mining
17:42 Stone Mining
17:42 Double-Bit Axe
21:15 Castle Age
20:40 Bloodlines
20:42 Horse Collar
maxhell
[MCC] Bacteria-Am
1:43 Loom
12:37 Feudal Age
14:49 Double-Bit Axe
18:16 Castle Age
18:04 Scale Barding Armor
18:10 Forging
18:43 Stone Mining
18:49 Gold Mining
20:47 Bow Saw
21:37 Wheelbarrow
halou157
11:53 Feudal Age
13:09 Loom
13:12 Double-Bit Axe
15:04 Fletching
15:33 Padded Archer Armor
15:38 Horse Collar
17:13 Gold Mining
20:55 Castle Age
22:19 Bow Saw
22:55 Bodkin Arrow
23:51 Leather Archer Armor
30:20 Stone Mining
Ze taboca5485
3:18 Loom
5:36 Loom
13:31 Feudal Age
16:42 Man-at-Arms
17:20 Arson
20:03 Scale Mail Armor
23:19 Wheelbarrow
28:14 Horse Collar
28:28 Gold Mining
28:25 Double-Bit Axe
33:23 Castle Age
TokyoTV4173
Connection lost

Rejoining the realm…

Still unreachable

The connection could not be restored.

Session expired

The server has moved on; the page needs a fresh start.